 Dungeon Crawl Stone Soup version 0.30-a0-459-g9104f0fc43 (webtiles) character file.

Game seed: 3133541855484781749

18092 cforsyth the Grappler (level 12, -4/123 HPs)
             Began as a Troll Fighter on Dec 16, 2022.
             Was a Priest of Wu Jian.
             Slain by a centaur warrior simulacrum (8 damage)
             ... on level 11 of the Dungeon.
             The game lasted 00:21:10 (11146 turns).

cforsyth the Grappler (Troll Fighter)              Turns: 11146, Time: 00:21:11

Health: -4/123     AC:  5    Str: 27    XL:     12   Next: 24%
Magic:  11/11      EV:  9    Int:  8    God:    Wu Jian [***...]
Gold:   408        SH: 18    Dex: 15    Spells: 11/11 levels left

rFire   + . .      SeeInvis +      - Unarmed
rCold   . . .      Faith    .    h - +2 kite shield {rPois}
rNeg    . . .      Spirit   .    a - +0 robe
rPois   +          Reflect  +    v - +1 hat {SInv}
rElec   .          Harm     .    (no cloak)
rCorr   .          Rampage  .    (gloves unavailable)
Will    .....                    (boots unavailable)
Stlth   +.........               w - amulet of reflection
HPRegen 1.20/turn                f - +6 ring of dexterity
MPRegen 0.12/turn                y - ring of protection from fire

@: no status effects
A: large, unfitting armour, claws 3, regeneration 1, shaggy fur 1, tough skin 1
a: Renounce Religion, Wall Jump, Serpent's Lash


You were on level 11 of the Dungeon.
You worshipped Wu Jian.
Wu Jian was most pleased with you.
You visited 2 branches of the dungeon, and saw 12 of its levels.

You collected 620 gold pieces.
You spent 212 gold pieces at shops.

Inventory:

Missiles
 g - 3 throwing nets (quivered)
Armour
 a - a +0 robe (worn)
 h - a +2 kite shield of poison resistance (worn)
 v - a +1 hat of see invisible (worn)
Jewellery
 f - a +6 ring of dexterity (left claw)
 w - an amulet of reflection (around neck)
 y - a ring of protection from fire (right claw)
 H - a +4 ring of protection
Wands
 q - a wand of digging (7)
 r - a wand of mindburst (16)
 G - a wand of iceblast (5)
Scrolls
 d - a scroll of acquirement {unknown}
 i - a scroll of immolation {unknown}
 j - a scroll of torment
 l - 7 scrolls of teleportation
 n - 2 scrolls of blinking
 o - 4 scrolls of amnesia
 A - 3 scrolls of enchant armour
 D - a scroll of vulnerability {unknown}
 E - a scroll of magic mapping
 F - 3 scrolls of poison {unknown}
 I - a scroll of silence {unknown}
Potions
 b - 5 potions of heal wounds
 c - 2 potions of might
 e - 11 potions of curing
 k - 3 potions of flight
 m - 3 potions of lignification
 p - a potion of attraction
 s - 2 potions of resistance
 t - 2 potions of magic {unknown}
 u - 2 potions of invisibility
 x - 11 potions of ambrosia
 z - 2 potions of mutation
 B - 3 potions of brilliance
 C - a potion of haste {unknown}


   Skills:
 + Level 9.0 Fighting
 - Level 2.7 Dodging
 + Level 9.8 Shields
 * Level 14.3 Unarmed Combat


You had 11 spell levels left.
You didn't know any spells.
Your spell library contained the following spells:

 Spells                   Type           Power      Damage    Failure   Level
 Summon Small Mammal      Summ           0%         N/A       63%         1
 Call Canine Familiar     Summ           0%         N/A       94%         3
 Summon Guardian Golem    Hex/Summ       0%         N/A       94%         3
 Vhi's Electric Charge    Tloc/Air       0%         N/A       94%         3
 Cause Fear               Hex            0%         N/A       100%        4
 Arcjolt                  Conj/Air       0%         1d10      100%        5
 Dragon Form              Tmut           0%         N/A       100%        7
 Maxwell's Capacitive Co  Air            0%         ∞         100%        8
 Dragon's Call            Summ           0%         N/A       100%        9


Dungeon Overview and Level Annotations

Branches:
Dungeon (11/15)            Temple (1/1) D:7            Lair (0/5) D:11
    Orc: D:9-12

Altars:
Ashenzari
Cheibriados
Dithmenos
Elyvilon
Fedhas
Gozag
Hepliaklqana
Kikubaaqudgha
Makhleb
Nemelex Xobeh
Okawaru
Qazlal
Ru
Sif Muna
Trog
Uskayaw
Vehumet
Wu Jian
Xom
Yredelemnul
Zin
The Shining One

Shops:
D:1 ?   D:4 :   D:7 !   D:9 [=??*   D:10 (

Annotations:
D:7 1 runed translucent door, Crazy Yiuf


Innate Abilities, Weirdness & Mutations

You are too large for most types of armour.
You have claws for hands.
Your natural rate of healing is unusually fast.
You are covered in fur. (AC +1)
You have tough skin. (AC +1)


Message History

You are too injured to fight recklessly!
You are too injured to fight recklessly!
You are too injured to fight recklessly!
You are too injured to fight recklessly!
You are too injured to fight recklessly!
You are too injured to fight recklessly!
A killer bee comes into view.
The centaur warrior shoots an arrow.
The arrow hits you!!
The tengu conjurer mumbles some strange words.
The centaur warrior simulacrum hits you.
The centaur warrior simulacrum freezes you!!
You block the centaur warrior simulacrum's attack.
The killer bee moves out of view.
The centaur warrior simulacrum attacks as you move away!
The centaur warrior simulacrum hits you.
The centaur warrior simulacrum freezes you!!
* * * LOW HITPOINT WARNING * * *
The centaur warrior simulacrum kicks you but does no damage.
You completely miss the centaur warrior simulacrum.
The centaur warrior simulacrum is moderately damaged.
The centaur warrior simulacrum hits you.
* * * LOW HITPOINT WARNING * * *
The centaur warrior simulacrum freezes you!!
* * * LOW HITPOINT WARNING * * *
The centaur warrior simulacrum kicks you but does no damage.
Unknown command.
Press: ? - help, v - describe, . - travel
Here: a centaur warrior simulacrum (moderately damaged)
The floor, spattered with blood.
Unknown command.
Blink to where?
Press: ? - help, Dir - move target A battlesphere comes into view.
As you read the scroll of blinking, it crumbles to dust.
The centaur warrior shoots an arrow.
You reflect the arrow off an invisible shield around you!
The arrow hits the battlesphere!!
You destroy the battlesphere!
The centaur warrior simulacrum hits you!
You die...

#..c. ....... #...###.###
#.... ....... ...#8...8#
#....####...#^ ###.#..#..#
#.......#...' +...c.###..
#....c☼.#...# #...#..# .#
#.......#...####...#8...8#
######.Q#......###Y###.###
#....§.........#..B.......
#.......Z@..#..#..........
#.......#...#.B#...######.
###'##..#...#..Yc..# .
#....#..#...####...#
#....#..#..... #####
#....#..#......
#....#..#......
#....##########...
#.................


You could see a centaur warrior, a tengu conjurer and a centaur warrior
simulacrum.

Vanquished Creatures
  Gastronok (D:9)
  A two-headed ogre (D:11)
  A salamander mystic (D:10)
  A skeletal warrior (D:10)
  Pikel (D:6)
  A deep elf pyromancer (D:11)
  3 cyclopes (D:11)
  3 salamanders (D:10)
  A wolf spider (D:11)
  An elephant (D:11)
  An efreet (D:11)
  A queen bee (D:9)
  5 hornets
  Grinder (D:3)
  Prince Ribbit (D:5)
  A vampire (D:11)
  A shadow (D:11)
  Sigmund (D:5)
  2 wraiths (D:11)
  4 wyverns
  10 yaks
  5 vampire mosquitoes
  Menkaure (D:7)
  A steam dragon (D:9)
  2 water moccasins
  2 acid dragons
  2 ice beasts (D:7)
  Duvessa (D:6)
  2 black bears (D:11)
  An orc warrior (D:10)
  An ogre (D:7)
  4 centaurs
  A phantom (D:5)
  5 kobold brigands
  5 bullfrogs
  2 gnoll sergeants
  4 scorpions
  8 wights
  Dowan (D:6)
  2 jellies
  44 killer bees
  A howler monkey (D:10)
  4 crimson imps (D:10)
  An iron imp (D:3)
  4 hounds
  An orc priest (D:4)
  8 iguanas
  11 orc wizards
  7 adders
  11 gnolls
  A shadow imp (D:5)
  A worm (D:3)
  A dart slug (D:1)
  23 orcs
  14 bats
  5 endoplasms
  3 giant cockroaches
  9 goblins
  8 hobgoblins
  3 quokkas
  4 ball pythons
  3 frilled lizards
  30 kobolds
  6 rats
295 creatures vanquished.

Vanquished Creatures (others)
  A fungus (D:11)
1 creature vanquished.

Grand Total: 296 creatures vanquished

Notes
Turn   | Place    | Note
-------+----------+-------------------------------------------
     0 | D:1      | cforsyth the Troll Fighter began the quest for the Orb.
     0 | D:1      | Reached XP level 1. HP: 22/22 MP: 0/0
   135 | D:1      | Found Fuuceth's Magic Scroll Boutique.
   145 | D:1      | Reached XP level 2. HP: 29/29 MP: 1/1
   161 | D:1      | Bought a scroll of identify for 26 gold pieces
   541 | D:2      | Reached XP level 3. HP: 36/36 MP: 2/2
  1116 | D:3      | Found a bloodstained altar of Trog.
  1122 | D:3      | Reached skill level 3 in Unarmed Combat
  1134 | D:3      | Reached XP level 4. HP: 41/44 MP: 3/3
  1306 | D:3      | Noticed a kobold brigand
  1325 | D:3      | Killed a kobold brigand
  1326 | D:3      | Reached XP level 5. HP: 40/53 MP: 4/4
  1407 | D:3      | Noticed Grinder
  1413 | D:3      | Paralysed by Grinder for 4 turns
  1421 | D:3      | Paralysed by Grinder for 5 turns
  1427 | D:3      | Killed Grinder
  1428 | D:3      | Reached skill level 4 in Unarmed Combat
  1428 | D:3      | Reached XP level 6. HP: 31/62 MP: 5/5
  1990 | D:3      | Found a snail-covered altar of Cheibriados.
  2124 | D:4      | Reached skill level 5 in Unarmed Combat
  2203 | D:4      | Reached XP level 7. HP: 63/70 MP: 6/6
  2458 | D:4      | Found Senitoh's Book Shoppe.
  2700 | D:5      | Entered Level 5 of the Dungeon
  2933 | D:5      | Reached skill level 6 in Unarmed Combat
  2989 | D:5      | Reached skill level 5 in Shields
  2989 | D:5      | Reached XP level 8. HP: 79/79 MP: 7/7
  3173 | D:5      | Found a stormy altar of Qazlal.
  3189 | D:5      | Reached skill level 7 in Unarmed Combat
  3262 | D:5      | Found a basalt altar of Yredelemnul.
  3344 | D:5      | Noticed Prince Ribbit
  3360 | D:5      | Killed Prince Ribbit
  3361 | D:5      | Reached skill level 5 in Fighting
  3543 | D:5      | Noticed Sigmund
  3550 | D:5      | Killed Sigmund
  3551 | D:5      | Reached skill level 8 in Unarmed Combat
  3776 | D:6      | Noticed Duvessa
  3776 | D:6      | Noticed a hornet
  3882 | D:6      | Found a sacrificial altar of Ru.
  3884 | D:6      | Found a blossoming altar of Fedhas.
  3885 | D:6      | Found a glowing golden altar of the Shining One.
  3928 | D:6      | Found a sparkling altar of Nemelex Xobeh.
  3935 | D:6      | Found an ancient bone altar of Kikubaaqudgha.
  3937 | D:6      | Found a hazy altar of Hepliaklqana.
  3941 | D:6      | Found a broken altar of Ashenzari.
  3942 | D:6      | Found a burning altar of Makhleb.
  4005 | D:6      | Reached XP level 9. HP: 83/88 MP: 8/8
  4320 | D:6      | Noticed Dowan
  4331 | D:6      | Killed Duvessa
  4332 | D:6      | Reached skill level 9 in Unarmed Combat
  4343 | D:6      | Killed Dowan
  4743 | D:6      | Noticed Pikel
  4750 | D:6      | Killed Pikel
  5127 | D:7      | Reached skill level 10 in Unarmed Combat
  5259 | D:7      | Found a staircase to the Ecumenical Temple.
  5274 | Temple   | Entered the Ecumenical Temple
  5294 | Temple   | Became a worshipper of the Wu Jian Council
  5371 | D:7      | Noticed Menkaure
  5377 | D:7      | Killed Menkaure
  5378 | D:7      | Reached XP level 10. HP: 44/100 MP: 9/9
  5527 | D:7      | Found Dount's Distillery.
  5532 | D:7      | Bought a potion of heal wounds for 55 gold pieces
  6003 | D:7      | Found a runed translucent door.
  6004 | D:7      | Noticed Crazy Yiuf
  6606 | D:7      | Reached skill level 11 in Unarmed Combat
  7254 | D:8      | Reached * piety under Wu Jian
  7580 | D:9      | Found Ruwood's Assorted Antiques.
  7656 | D:9      | Bought a scroll labelled KUSAEG MINE for 34 gold pieces
  7692 | D:9      | Found Qinkiamn's Jewellery Shop.
  8039 | D:9      | Reached skill level 12 in Unarmed Combat
  8084 | D:9      | Reached ** piety under Wu Jian
  8124 | D:9      | Noticed Gastronok
  8148 | D:9      | Killed Gastronok
  8149 | D:9      | Reached XP level 11. HP: 58/110 MP: 10/10
  8299 | D:9      | Found Piguorec's Magic Scroll Emporium.
  8307 | D:9      | Bought a scroll of enchant armour for 97 gold pieces
  8372 | D:9      | Found Nefraum's Magic Scroll Shop.
  8539 | D:9      | Found Hetsata's Antique Armour Emporium.
  8554 | D:9      | Found a glowing silver altar of Zin.
  8557 | D:9      | Noticed an angel
  8581 | D:10     | Entered Level 10 of the Dungeon
  8630 | D:10     | Found a radiant altar of Vehumet.
  9123 | D:10     | Reached skill level 13 in Unarmed Combat
  9255 | D:10     | Found a shimmering altar of Xom.
  9380 | D:10     | Found Heph's Weapon Shop.
  9519 | D:10     | Found a shimmering blue altar of Sif Muna.
  9571 | D:10     | Noticed a salamander mystic
  9572 | D:10     | Found the +3 salamander hide armour {Flames rF++ rC--}
  9592 | D:10     | Killed a salamander mystic
  9817 | D:11     | Noticed a deep elf pyromancer
  9818 | D:11     | Noticed a skeletal warrior
  9819 | D:11     | Noticed a boulder beetle
  9821 | D:11     | Noticed a centaur warrior
  9826 | D:11     | Noticed a death knight
  9828 | D:11     | Killed a deep elf pyromancer
  9859 | D:10     | Killed a skeletal warrior
 10283 | D:11     | Reached *** piety under Wu Jian
 10284 | D:11     | Reached XP level 12. HP: 83/122 MP: 11/11
 10428 | D:11     | Noticed a two-headed ogre
 10439 | D:11     | Killed a two-headed ogre
 10440 | D:11     | Reached skill level 14 in Unarmed Combat
 10666 | D:11     | Found a staircase to the Lair.
 10879 | D:11     | Noticed an ogre mage
 11144 | D:11     | HP: 2/123 [centaur warrior simulacrum (29)]
 11146 | D:11     | Slain by a centaur warrior simulacrum

Illustrated notes

Levels and vault maps discovered:
D:1:      mrwooster_arrival_statue_3, layout_rooms, serial_shops,
          nicolae_shop_stone
D:2:      layout_rooms, st_stairs_5
D:3:      cheibrodos_thug_alley, layout_loops_corners,
          mainiacjoe_overflow_tiny_flanked, slow_altar_2, minmay_checkerbox,
          uniq_grinder
D:4:      layout_basic, serial_shops, kennysheep_mini_moat
D:5:      layout_loops_corners, yredelemnul_altar_generic,
          mainiacjoe_overflow_small_starburst, corner_web_ring,
          hangedman_decor_push, uniq_sigmund, uniq_prince_ribbit1
D:6:      layout_layer_cave, nicolae_overflow_hallway_of_the_gods, uniq_duvessa,
          uniq_pikel
D:7:      layout_cave_pods, minmay_temple_entry_offerings, serial_shops,
          nicolae_square_shop, kennysheep_generic_room_9,
          uniq_crazy_yiuf_cottage, uniq_menkaure
D:8:      layout_rooms
D:9:      layout_roguey [special_room_bee], zin_angel, serial_shops,
          nicolae_diamond_shop, nicolae_shop_stone, shop, kennysheep_mini, shop,
          uniq_gastronok
D:10:     layout_rooms, led_xom_imps, mainiacjoe_overflow_large_starburst,
          serial_shops, nicolae_shop_behind_doors,
          hellmonk_guarded_unrand_salamander
D:11:     minmay_the_grid_square_5x5_5x5 [minmay_the_grid_square_5x5_dogpile,
          minmay_the_grid_square_5x5_bracketed,
          minmay_the_grid_square_5x5_spiral,
          minmay_the_grid_square_5x5_shuriken, minmay_the_grid_square_5x5_slash,
          minmay_the_grid_square_5x5_inset,
          minmay_the_grid_square_5x5_prize_open,
          minmay_the_grid_square_5x5_fat_x,
          minmay_the_grid_square_5x5_prize_rear_guard,
          minmay_the_grid_square_5x5_inner_z,
          minmay_the_grid_square_5x5_doubleslash,
          minmay_the_grid_square_5x5_moneybag,
          minmay_the_grid_square_5x5_prize_deathbox,
          minmay_the_grid_square_5x5_two_walls_a,
          minmay_the_grid_square_5x5_beaten_path, minmay_the_grid_square_5x5_n,
          minmay_the_grid_square_5x5_prize_snowflake,
          minmay_the_grid_square_5x5_intrusive_squares,
          minmay_the_grid_square_5x5_prize_waves,
          minmay_the_grid_square_5x5_almost_minimal,
          minmay_the_grid_square_5x5_shrine2,
          minmay_the_grid_square_5x5_two_small, minmay_the_grid_square_5x5_comb,
          minmay_the_grid_square_5x5_bridge,
          minmay_the_grid_square_5x5_sharp_hourglass], layout_grid_maze,
          david_lair_generic, minmay_holes
Temple:   hellmonk_temple_rainy

Skill      XL: |  1  2  3  4  5  6  7  8  9 10 11 12 |
---------------+-------------------------------------+-----
Shields        | 3 4 5 6 7 8 9 |  9.8
Unarmed Combat | 3 4 5 6 8 10 12 13 14 | 14.3
Fighting       | 3 4 5 6 7 8 9 |  9.0
Dodging        | |  2.7

Action                   |  1- 3 |  4- 6 |  7- 9 | 10-12 || total
-------------------------+-------+-------+-------+-------++-------
Melee: Unarmed           |   121 |    90 |   233 |   496 ||   940
Invok: Lunge             |       |       |     2 |    32 ||    34
       Whirlwind         |       |       |       |    71 ||    71
  Use: Scroll            |     2 |     2 |     2 |    13 ||    19
       Potion            |       |       |       |     1 ||     1
 Stab: Sleeping          |     2 |       |     3 |     1 ||     6
Armor: Robe              |    28 |     7 |    24 |    78 ||   137
Dodge: Dodged            |    38 |    18 |    64 |   122 ||   242
Block: Kite shield       |    67 |    47 |   138 |   392 ||   644
       Reflection        |       |       |       |    15 ||    15

Table legend: (Time is in decaauts)
 A = Elapsed time spent in this place.
 B = Non-inter-level travel time spent in this place.
 C = Inter-level travel time spent in this place.
 D = Time resting spent in this place.
 E = Time spent auto-exploring this place.
 F = Levels seen in this place.
 G = Mean time per level.
                   A        B        C        D        E       F      G
               +--------+--------+--------+--------+--------+-----+--------+
         Total |  11127 |  10731 |    396 |   2162 |   6174 |  12 |  927.2 |
       Dungeon |  11098 |  10710 |    388 |   2162 |   6164 |  11 | 1008.9 |
        Temple |     28 |     20 |      8 |      0 |     10 |   1 |   28.0 |
               +--------+--------+--------+--------+--------+-----+--------+

Top non-repeatable levels by time:
     D:7: 2063 daAuts
     D:9: 1420 daAuts
    D:10: 1287 daAuts
     D:6: 1246 daAuts
     D:5: 1095 daAuts
     D:3: 1052 daAuts
    D:11: 828 daAuts
     D:4: 665 daAuts
     D:1: 530 daAuts
     D:2: 464 daAuts
     D:8: 442 daAuts
  Temple: 28 daAuts
